 Dungeon Crawl Stone Soup version 0.27-a0-1196-g3e9cee4cb2 (webtiles) character file.

Game seed: 16205945261518791872

7833 Azzok the Severer (level 11, -2/75 HPs)
             Began as a Demonspawn Berserker on May 29, 2021.
             Was a High Priest of Trog.
             Slain by a two-headed ogre
             ... wielding a +0 giant club
              (17 damage)
             ... on level 9 of the Dungeon.
             The game lasted 00:09:07 (9112 turns).

Azzok the Severer (Demonspawn Berserker)            Turns: 9112, Time: 00:09:08

Health: -2/75      AC: 20    Str: 21    XL:     11   Next: 2%
Magic:  11/11      EV:  6    Int:  8    God:    Trog [*****.]
Gold:   496        SH:  4    Dex: 17    Spells: 10/10 levels left

rFire    . . .     SeeInvis .   d - +8 broad axe of Expedience {drain, +Rage rPois rF- Dex+4}
rCold    . . .     Faith    .   (no shield)
rNeg     . . .     Spirit   .   B - +0 plate armour
rPois    +         Reflect  .   (helmet restricted)
rElec    .         Harm     .   (no cloak)
rCorr    .         Rampage  .   j - +0 pair of gloves
Will     +....                  (no boots)
Stlth    ..........             C - amulet of regeneration
HPRegen  1.22/turn              x - ring of willpower
MPRegen  0.12/turn              E - ring of the Screaming Priest {rF+ Slay+6}

@: sanguine armoured, studying Evocations
A: antennae 2, sanguine armour 2, condensation shield, demonic magic 2
a: Renounce Religion, Evoke Berserk Rage, Berserk, Trog's Hand, Brothers in Arms


You were on level 9 of the Dungeon.
You worshipped Trog.
Trog was extremely pleased with you.
You visited 1 branch of the dungeon, and saw 9 of its levels.

You collected 496 gold pieces.

Inventory:

Hand Weapons
 d - the +8 broad axe of Expedience (weapon) {drain, +Rage rPois rF- Dex+4}
   (You acquired it on level 1 of the Dungeon)

   A truly terrible weapon, it drains the life of those it strikes.
   It affects your dexterity (+4).
   It makes you vulnerable to fire.
   It protects you from poison.
   It lets you go berserk.
Missiles
 u - a throwing net
Armour
 j - a +0 pair of gloves (worn)
 v - a +2 kite shield
 B - a +0 plate armour (worn)
Jewellery
 e - a +4 ring of protection
 x - a ring of willpower (left hand)
 C - an amulet of regeneration (around neck)
 E - the ring of the Screaming Priest (right hand) {rF+ Slay+6}
   (You acquired it on level 6 of the Dungeon)

   [ring of protection from fire]

   It affects your accuracy and damage with ranged weapons and melee attacks
   (+6).
   It protects you from fire.
Wands
 i - a wand of polymorph (5)
 w - a wand of flame (31)
 y - a wand of iceblast (12)
Scrolls
 b - 2 scrolls of fog {unknown}
 c - a scroll of summoning
 g - 3 scrolls of fear {unknown}
 h - a scroll of blinking {unknown}
 k - 2 scrolls of amnesia {unknown}
 n - a scroll of magic mapping
 p - a scroll of enchant armour {unknown}
 r - 4 scrolls of teleportation {unknown}
 s - a scroll of noise {unknown}
 t - 2 scrolls of torment {unknown}
 D - a scroll of vulnerability {unknown}
Potions
 a - a potion of attraction {unknown}
 f - 2 potions of lignification
 l - 3 potions of haste
 m - 2 potions of curing
 o - 2 potions of mutation {!q}
 q - 2 potions of heal wounds
 z - 3 potions of resistance
 A - 2 potions of cancellation
 F - a potion of flight {unknown}
 G - a potion of might {unknown}


   Skills:
 - Level 3.0 Fighting
 + Level 16.5 Axes
 - Level 1.7 Armour
 - Level 1.7 Dodging


You had 10 spell levels left.
You didn't know any spells.
Your spell library was empty.

Dungeon Overview and Level Annotations

Branches:
Dungeon (9/15)             Temple (0/1) D:7            Lair (0/6) D:8
    Orc: D:9-12

Altars:
Cheibriados
Elyvilon
Kikubaaqudgha
Ru
Uskayaw

Annotations:
D:9 Harold


Innate Abilities, Weirdness & Mutations

You have a pair of antennae on your head.
When seriously injured, your bleeding wounds create thick armour. (AC +9)
A meltable shield of frost defends you. (SH +4)
Spells you cast may paralyse nearby enemies.


Message History

You slash the two-headed ogre! You drain the two-headed ogre.
The two-headed ogre is moderately wounded.
You hit the killer bee. You miss the killer bee.
The killer bee barely misses you. The killer bee stings you.
The killer bee barely misses you.
Harold the Weathered comes into view.
He is wielding a +0 long sword.
The two-headed ogre hits you with a +0 giant club!
The two-headed ogre hits you with a +0 giant club!!
Your blood congeals into armour.
Harold shouts!
You closely miss the two-headed ogre.
The two-headed ogre is moderately wounded.
You miss the killer bee. You slash the killer bee!
You kill the killer bee!
Trog accepts your kill. The killer bee closely misses you.
The killer bee stings you but does no damage.
You slice the two-headed ogre!!
The two-headed ogre is almost dead.
You barely miss the killer bee. The killer bee stings you.
Harold throws a throwing net.
The throwing net hits you.
You become entangled in the net!
The two-headed ogre hits you but does no damage.
The two-headed ogre barely misses you. The killer bee barely misses you.
You struggle against the net.
The killer bee stings you but does no damage.
The killer bee stings you.
The two-headed ogre hits you with a +0 giant club!
* * * LOW HITPOINT WARNING * * *
The two-headed ogre hits you but does no damage.
You struggle against the net.
The killer bee stings you but does no damage.
Harold fires a harpoon shot at you. The harpoon shot hits you!
* * * LOW HITPOINT WARNING * * *
You are yanked forward by the harpoon shot.
Harold hits you but does no damage.
The killer bee stings you but does no damage.
The two-headed ogre hits you with a +0 giant club!
You die...

▒·▒ ▒ ▒·▒ ·▒···
▒▒▒·▒▒▒▒·▒ ··
·········▒·▒·· ▒
····†▒·▒▒▒·▒ ·▒▒▒·▒
▒▒▒·††▒···· ··▒·▒
▒··▒▒▒·▒▒▒▒▒▒···
▒▒·†▒····▒··y·▒▒▒▒·▒··
▒·······▒···@@······▒
▒▒▒▒···▒▒▒·▒·<·O·····▒▒▒
·······▒ ▒···(·······▒
▒▒▒▒·······▒·▒▒▒▒▒▒·▒▒ ▒
▒·▒·▒▒▒▒▒·▒ ··· ▒▒▒▒·▒·▒
▒·▒ ▒▒▒ ·······▒ ▒·▒
·····▒▒▒ ▒·▒ <▒▒▒▒▒ ▒··


You could see Harold, a two-headed ogre (drained) and a killer bee.

Vanquished Creatures
  A two-headed ogre (D:7)
  2 gargoyles
  An unseen horror (D:7)
  2 hornets
  Grinder (D:4)
  5 wyverns (D:8)
  8 yaks (D:8)
  5 water moccasins (D:8)
  3 orc warriors
  A hornet zombie (D:7)
  2 black bears
  2 sky beasts
  A necrophage (D:7)
  An ogre (D:5)
  2 centaurs
  A phantom (D:5)
  2 kobold brigands (D:7)
  A wyvern zombie (D:7)
  3 bullfrogs
  A gnoll sergeant (D:5)
  A scorpion (D:8)
  2 water moccasin skeletons (D:5)
  7 killer bees (D:9)
  6 wights
  3 howler monkeys
  5 hounds
  A gnoll shaman (D:8)
  3 orc priests
  A jelly (D:7)
  4 iguanas
  A scorpion zombie (D:5)
  6 orc wizards
  A killer bee zombie (D:5)
  A hound zombie (D:5)
  2 howler monkey zombies
  20 gnolls
  A howler monkey skeleton (D:5)
  8 adders
  A shadow imp (D:5)
  2 ufetubi (D:4)
  A worm (D:2)
  An adder skeleton (D:3)
  4 dart slugs
  17 orcs
  2 endoplasms
  4 giant cockroaches
  4 goblins
  4 hobgoblins
  2 jackals (D:3)
  11 kobolds
  2 quokkas
  6 ball pythons
  7 bats
  3 frilled lizards (D:1)
  6 rats
195 creatures vanquished.

Vanquished Creatures (others)
  A fungus (D:8)
  4 plants (D:8)
5 creatures vanquished.

Grand Total: 200 creatures vanquished

Notes
Turn   | Place    | Note
-------+----------+-------------------------------------------
     0 | D:1      | Azzok the Demonspawn Berserker began the quest for the Orb.
     0 | D:1      | Reached XP level 1. HP: 18/18 MP: 1/1
   249 | D:1      | Reached skill level 3 in Axes
   446 | D:1      | Gained mutation: When seriously injured, your bleeding
                  | wounds create armour. (AC +9) [demonic ancestry]
   446 | D:1      | Reached XP level 2. HP: 18/24 MP: 2/2
   780 | D:1      | Found a faded altar of an unknown god.
  1199 | D:1      | Identified a scroll of acquirement
  1199 | D:1      | Acquired the +8 broad axe of Expedience {drain, +Rage rPois
                  | rF- Dex+4}
  1281 | D:2      | Gained mutation: You have a pair of small antennae on your
                  | head. [demonic ancestry]
  1281 | D:2      | Reached XP level 3. HP: 29/29 MP: 3/3
  1457 | D:2      | Reached skill level 4 in Axes
  1923 | D:3      | Reached ** piety under Trog
  2164 | D:3      | Gained mutation: When seriously injured, your bleeding
                  | wounds create thick armour. (AC +9) [demonic ancestry]
  2164 | D:3      | Reached XP level 4. HP: 35/35 MP: 4/4
  2545 | D:4      | Reached skill level 5 in Axes
  2725 | D:4      | Noticed Grinder
  2732 | D:4      | Killed Grinder
  2733 | D:4      | Reached skill level 6 in Axes
  2733 | D:4      | Gained mutation: A meltable shield of frost defends you.
                  | (SH +4) [demonic ancestry]
  2733 | D:4      | Reached XP level 5. HP: 41/41 MP: 5/5
  2733 | D:4      | Reached XP level 6. HP: 47/47 MP: 6/6
  2967 | D:4      | Found a sacrificial altar of Ru.
  2970 | D:4      | Found a hide-covered altar of Uskayaw.
  3093 | D:4      | Found a snail-covered altar of Cheibriados.
  3838 | D:5      | Entered Level 5 of the Dungeon
  3870 | D:5      | Identified the +1 hand axe of Woaxefan {drain, rPois}
  3971 | D:5      | Noticed a hornet
  3985 | D:5      | Killed a hornet
  3986 | D:5      | Reached skill level 7 in Axes
  3986 | D:5      | Gained mutation: You have a pair of antennae on your head.
                  | [demonic ancestry]
  3986 | D:5      | Reached XP level 7. HP: 40/52 MP: 7/7
  4184 | D:5      | Reached skill level 8 in Axes
  4443 | D:5      | Reached *** piety under Trog
  4680 | D:5      | Reached skill level 9 in Axes
  4680 | D:5      | Reached XP level 8. HP: 52/58 MP: 8/8
  5627 | D:6      | Acquired a manual of Axes
  5825 | D:6      | Reached skill level 10 in Axes
  5840 | D:6      | Noticed a gargoyle
  5847 | D:6      | Killed a gargoyle
  5848 | D:6      | Reached skill level 11 in Axes
  6233 | D:6      | Gained mutation: Spells you cast may paralyse adjacent
                  | enemies. [demonic ancestry]
  6233 | D:6      | Reached XP level 9. HP: 59/63 MP: 9/9
  6458 | D:6      | Reached skill level 12 in Axes
  6715 | D:7      | Reached **** piety under Trog
  6837 | D:7      | Found an ancient bone altar of Kikubaaqudgha.
  7239 | D:7      | Noticed a gargoyle
  7245 | D:7      | Killed a gargoyle
  7246 | D:7      | Reached skill level 13 in Axes
  7246 | D:7      | Noticed a two-headed ogre
  7259 | D:7      | Killed an unseen horror
  7260 | D:7      | Reached skill level 14 in Axes
  7264 | D:7      | Killed a two-headed ogre
  7446 | D:7      | Reached XP level 10. HP: 54/70 MP: 10/10
  7735 | D:7      | Found a staircase to the Ecumenical Temple.
  7738 | D:7      | Identified the +1 leather armour of Xothrekku {Regen+ Dex+3
                  | SInv}
  8219 | D:8      | Acquired the ring of the Screaming Priest {rF+ Slay+6}
  8230 | D:8      | Acquired a manual of Evocations
  8275 | D:8      | Reached skill level 15 in Axes
  8467 | D:8      | Reached ***** piety under Trog
  8473 | D:8      | Reached skill level 16 in Axes
  8478 | D:8      | Found a staircase to the Lair.
  8552 | D:8      | Paralysed by a hornet for 1 turns
  9092 | D:9      | Gained mutation: Spells you cast may paralyse nearby
                  | enemies. [demonic ancestry]
  9092 | D:9      | Reached XP level 11. HP: 75/75 MP: 11/11
  9102 | D:9      | Noticed a two-headed ogre
  9106 | D:9      | Noticed Harold
  9112 | D:9      | Slain by a two-headed ogre

Illustrated notes

Levels and vault maps discovered:
D:1:      dpeg_arrival_water_fire, layout_basic, basic_ecumenical_altar,
          roderic_st_hans_cross
D:2:      layout_loops_ring
D:3:      layout_basic
D:4:      layout_layer_cave, chequers_temple_overflow_statue_of_worship,
          overflow_temple_1_default, grunt_decor_one_mirror, uniq_grinder
D:5:      layout_basic, minmay_chambers_of_fives
D:6:      layout_basic, chequers_serial_rivers_small_3
D:7:      minmay_slanted_spiral_squares, layout_loops_cross,
          kiku_gazebo_pond_becter, minmay_temple_entry_offerings,
          hangedman_decor_opposing, minmay_crystal_room,
          kennysheep_cross_bottleneck
D:8:      layout_basic, minmay_lair_entry_grove
D:9:      layout_loops_ring, erik_orc_1, uniq_harold

Skill      XL: |  1  2  3  4  5  6  7  8  9 10 |
---------------+-------------------------------+-----
Axes           | 3 4 6 7 9 11 14 16 | 16.5
Fighting       | |  3.0
Armour         | |  1.7
Dodging        | |  1.7

Action                   |  1- 3 |  4- 6 |  7- 9 | 10-12 || total
-------------------------+-------+-------+-------+-------++-------
Melee: Hand axe          |    58 |       |       |       ||    58
       Broad axe         |    39 |    57 |   156 |   101 ||   353
Invok: Berserk           |       |     2 |     3 |     1 ||     6
  Use: Scroll            |     3 |       |     5 |     6 ||    14
 Stab: Sleeping          |     1 |       |       |       ||     1
Armor: Scale mail        |    47 |    37 |    61 |       ||   145
       Plate armour      |       |       |       |    59 ||    59
Dodge: Dodged            |    66 |    45 |    70 |    20 ||   201
Block: Other             |       |     9 |    29 |    13 ||    51

Table legend: (Time is in decaauts)
 A = Elapsed time spent in this place.
 B = Non-inter-level travel time spent in this place.
 C = Inter-level travel time spent in this place.
 D = Time resting spent in this place.
 E = Time spent auto-exploring this place.
 F = Levels seen in this place.
 G = Mean time per level.
                   A        B        C        D        E       F      G
               +--------+--------+--------+--------+--------+-----+--------+
         Total |   9189 |   8898 |    291 |    366 |   7364 |   9 | 1021.0 |
       Dungeon |   9189 |   8898 |    291 |    366 |   7364 |   9 | 1021.0 |
               +--------+--------+--------+--------+--------+-----+--------+

Top non-repeatable levels by time:
     D:5: 1574 daAuts
     D:4: 1358 daAuts
     D:7: 1334 daAuts
     D:6: 1305 daAuts
     D:1: 1221 daAuts
     D:8: 1019 daAuts
     D:3: 682 daAuts
     D:2: 619 daAuts
     D:9: 74 daAuts
